 Dungeon Crawl Stone Soup version 0.31.0-12-g77e489cdc1 (webtiles) character file.

Game seed: 16453067477993223649

109 Beerserk the Covered (level 4, -12/35 HPs)
             Began as a Human Fighter on Feb 29, 2024.
             Mangled by Sigmund
             ... wielding a +1 heavy scythe
              (13 damage)
             ... on level 4 of the Dungeon.
             The game lasted 00:10:39 (2374 turns).

Beerserk the Covered (Human Fighter)                Turns: 2374, Time: 00:10:40

Health: -12/35     AC: 17    Str: 18    XL:     4   Next: 90%
Magic:  4/4        EV:  9    Int: 14    God:
Gold:   157        SH:  5    Dex: 13    Spells: 3/3 levels left

rFire   . . .        n - +6 mace "Gusyavosa" {protect, ^Fragile Int+6}
rCold   . . .        c - +0 buckler
rNeg    . . .        b - +0 scale mail
rPois   .            p - +1 helmet
rElec   .            (no cloak)
rCorr   .            f - +0 pair of gloves
SInv    .            (no boots)
Will    .....        (no amulet) Stlth
                     (no ring)
HPRegen 0.25/turn    (no ring)
MPRegen 0.09/turn

%: no passive effects
@: under a protective aura
A: explore regen
a: no special abilities


You were on level 4 of the Dungeon.
You visited 1 branch of the dungeon, and saw 4 of its levels.

You collected 157 gold pieces.

Inventory:

Hand Weapons
 a - a +0 long sword
 n - the +6 mace "Gusyavosa" (weapon) {protect, ^Fragile Int+6}
   (You found it on level 2 of the Dungeon)

   Int+6:     It affects your intelligence (+6).
   ^Fragile:  It will be destroyed if unequipped.
Armour
 b - a +0 scale mail (worn)
 c - a +0 buckler (worn)
 f - a +0 pair of gloves (worn)
 p - a +1 helmet (worn)
Scrolls
 e - 2 scrolls of identify {unknown}
 h - a scroll of torment {unknown}
 i - a scroll of noise {unknown}
 m - a scroll of enchant weapon {unknown}
Potions
 d - a potion of might
 g - 2 potions of brilliance {unknown}
 j - a potion of heal wounds {unknown}
 k - a potion of berserk rage {unknown}
 l - a potion of cancellation {unknown}
 o - a potion of curing {unknown}


   Skills:
 + Level 3.5 Fighting
 + Level 2.8 Long Blades
 + Level 0.4 Maces & Flails
 + Level 3.7 Armour
 + Level 0.9 Dodging
 + Level 0.1 Stealth
 + Level 3.5 Shields


You had 3 spell levels left.
You didn't know any spells.
Your spell library was empty.

Dungeon Overview and Level Annotations

Branches:
Dungeon (4/15)
 Temple: D:4-7

Altars:
Xom

Annotations:
D:3 Sigmund


Innate Abilities, Weirdness & Mutations

You regain HP and MP as you explore.


Message History

Things that are here:
8 gold pieces; a hobgoblin corpse You hit something.
You now have 157 gold pieces (gained 8).
You hear some strange, mumbled words.
You are confused.
You are too confused!
You are too confused!
Something hits you.
You bump into the rock wall.
You are too confused!
You are too confused!
You are too confused!
You are too confused!
You are too confused!
You are too confused!
You are too confused!
Unknown command.
You bump into the rock wall.
Something hits you.
You feel less confused. Something completely misses you.
There is a stone staircase leading down here.
Something hits you!
* * * LOW HITPOINT WARNING * * *
You climb downwards.
Reactivating autopickup.
There is a stone staircase leading up here.
Deactivating autopickup; reactivate with Ctrl-A.
You barely miss something. You thump something!
Your weapon exudes an aura of protection.
Something hits you.
* * * LOW HITPOINT WARNING * * *
You closely miss something.
You hear some strange, mumbled words.
Something tries to affect you, but you resist.
You thump something! Something hits you.
* * * LOW HITPOINT WARNING * * *
You hit something but do no damage. Something hits you!
You die... #.########### #.....{@....# ###########.#

There were no monsters in sight!

Vanquished Creatures
  Robin (D:3)
  3 adders
  2 dart slugs (D:1)
  2 orcs (D:3)
  4 bats (D:2)
  6 endoplasms
  A giant cockroach (D:1)
  5 hobgoblins
  8 jackals (D:2)
  2 quokkas (D:2)
  3 ball pythons (D:2)
  3 frilled lizards
  9 goblins
  5 kobolds
  6 rats
60 creatures vanquished.

Notes
Turn   | Place    | Note
-------+----------+-------------------------------------------
     0 | D:1      | Beerserk the Human Fighter began the quest for the Orb.
     0 | D:1      | Reached XP level 1. HP: 18/18 MP: 1/1
    77 | D:1      | Reached XP level 2. HP: 24/24 MP: 2/2
  1348 | D:2      | Reached XP level 3. HP: 29/29 MP: 3/3
  1782 | D:2      | Reached XP level 4. HP: 20/35 MP: 4/4
  1825 | D:2      | Identified the +6 mace "Gusyavosa" {protect, ^Fragile
                  | Int+6}
  2081 | D:3      | Noticed Robin
  2097 | D:3      | Killed Robin
  2146 | D:3      | Found a shimmering altar of Xom.
  2349 | D:3      | Noticed Sigmund
  2373 | D:4      | HP: 1/35 [something (5)]
  2374 | D:4      | Mangled by Sigmund

Illustrated notes

Levels and vault maps discovered:
D:1:      lemuel_arrival_tunnels, layout_basic
D:2:      layout_basic
D:3:      layout_loops_ring, mainiacjoe_overflow_brackets,
          guppyfry_early_lair_pool, uniq_robin, uniq_natasha, uniq_sigmund
D:4:      layout_loops_ring, mainiacjoe_overflow_tiny_flanked,
          kennysheep_generic_room_3, uniq_grinder

Action                     |  1- 3 |  4- 6 || total
---------------------------+-------+-------++-------
  Melee: Long sword        |   127 |    19 ||   146
         Mace              |       |    65 ||    65
    Use: Scroll            |     1 |       ||     1
 Armour: Scale mail        |   135 |   120 ||   255
  Dodge: Dodged            |    72 |    63 ||   135
  Block: Buckler           |    51 |    36 ||    87
